 Dungeon Crawl Stone Soup version 0.29.1-15-g9cfb28693d (webtiles) character file.

Game seed: 1131363088366717477

28 leafyfresh the Sneak (level 3, -6/26 HPs)
             Began as an Octopode Delver on Apr 18, 2023.
             Mangled by a black bear (7 damage)
             ... on level 5 of the Dungeon.
             The game lasted 00:00:17 (14 turns).

leafyfresh the Sneak (Octopode Delver)                Turns: 14, Time: 00:00:18

Health: -6/26      AC:  1    Str: 11    XL:     3   Next: 12%
Magic:  3/3        EV: 13    Int: 14    God:
Gold:   0          SH:  0    Dex: 13    Spells: 2/2 levels left

rFire   . . .      SeeInvis .   a - +0 short sword
rCold   . . .      Faith    .   (no shield)
rNeg    . . .      Spirit   .   (helmet restricted)
rPois   .          Reflect  .   (no amulet)
rElec   .          Harm     .   (no ring)
rCorr   .          Rampage  .   (no ring)
Will    .....                   (no ring)
Stlth   ++++......              (no ring)
HPRegen 0.08/turn               (no ring)
MPRegen 0.08/turn               (no ring)
                                (no ring)
                                (no ring)

@: no status effects
A: almost no armour, amphibious, 8 rings, camouflage 1, gelatinous body 1,
(nimble swimmer 1), tentacles
a: no special abilities


You were on level 5 of the Dungeon.
You visited 1 branch of the dungeon, and saw 1 of its levels.

Inventory:

Hand Weapons
 a - a +0 short sword (weapon)
Wands
 f - a wand of digging (3)
Scrolls
 b - a scroll of fog
 c - a scroll of magic mapping
 d - a scroll of fear
Potions
 e - a potion of haste


   Skills:
 + Level 3.4 Fighting
 - Level 2.0 Short Blades
 + Level 2.5 Dodging
 + Level 7.0 Stealth


You had 2 spell levels left.
You didn't know any spells.
Your spell library was empty.

Dungeon Overview and Level Annotations

Branches:
Dungeon (5/15)
 Temple: D:4-7

Altars:


Innate Abilities, Weirdness & Mutations

You cannot wear most types of armour.
You are amphibious.
You can wear up to eight rings at the same time.
Your skin changes colour to match your surroundings (Stealth+).
Your rubbery body absorbs attacks. (AC +1, EV +1)
((You are camouflaged when in or above water. (Stealth+)))
You have tentacles for arms and can constrict up to eight enemies at once.


Message History

You see here a Trismegistus Codex.
A jelly is nearby!
A jelly is nearby!
A black bear comes into view.
The helpless jelly fails to defend itself.
You impale the jelly!!
You kill the jelly!
The black bear growls angrily.
Your Stealth skill increases to level 7!
You have reached level 2!
You have reached level 3!
Your experience leads to an increase in your attributes!
Increase (S)trength, (I)ntelligence, or (D)exterity?
You feel clever. x2
The black bear bites you. The black bear claws you. x2
You barely miss the black bear. You grab the black bear.
You squeeze the black bear.
The black bear is lightly wounded.
You constrict the black bear. The black bear bites you.
The black bear misses you. The black bear claws you.
You are too injured to fight recklessly!
You are too injured to fight recklessly!
You are too injured to fight recklessly!
You are too injured to fight recklessly!
You are too injured to fight recklessly!
You hit the black bear. You squeeze the black bear.
The black bear is heavily wounded.
You constrict the black bear. The black bear bites you.
* * * LOW HITPOINT WARNING * * *
The black bear barely misses you. The black bear claws you.
* * * LOW HITPOINT WARNING * * *
You hit the black bear.
The black bear is severely wounded.
You constrict the black bear.
The black bear goes berserk!
Unknown command.
You hit the black bear but do no damage.
The black bear is severely wounded.
You constrict the black bear. The black bear barely misses you.
The black bear claws you!
You die...

#### #.. # #h#
.# #@# ##.###
#####.##......
#........#.#
#.###.#:.#.#
##......#
#.....###
#.##.##
#.##.##.#
........##


You could see a black bear (berserk).

Vanquished Creatures
  A jelly (D:5)
1 creature vanquished.

Notes
Turn   | Place    | Note
-------+----------+-------------------------------------------
     0 | D:5      | leafyfresh the Octopode Delver began the quest for the Orb.
     0 | D:5      | Reached XP level 1. HP: 16/16 MP: 1/1
     5 | D:5      | Noticed a jelly
     8 | D:5      | Noticed a black bear
     9 | D:5      | Killed a jelly
    10 | D:5      | Reached skill level 7 in Stealth
    10 | D:5      | Reached XP level 2. HP: 21/21 MP: 2/2
    10 | D:5      | Reached XP level 3. HP: 26/26 MP: 3/3
    12 | D:5      | HP: 1/26 [black bear (3)]
    14 | D:5      | Mangled by a black bear

Illustrated notes

Levels and vault maps discovered:
D:5:      layout_loops_cross, kennysheep_mini_moat, lemuel_doored_altar

Skill      XL: |  1 |
---------------+----+-----
Stealth        | 7 |  7.0
Fighting       | |  3.4
Short Blades   | |  2.0
Dodging        | |  2.5

Action                   || total
-------------------------++-------
Melee: Short sword       ||     5
       Tentacles         ||     2
       Constrict         ||     1
 Stab: Sleeping          ||     1
Dodge: Dodged            ||     3
